Workbook

Sheet MATRIZ RIESGOS OBRA
A1: INSTITUTO DE FINANCIAMIENTO, PROMOCIÓN Y DESARROLLO DE CALDAS - INFICALDAS (en adelante la "ENTIDAD") LICITACION PÚBLICA No. LP INFICALDAS 32-2016 ANEXO No. 14 - MATRIZ DE RIESGOS | W1: 5 | X1: B | Y1: C
W3: 15 | X3: M | Y3: M
A4: CLASE (1) | B4: TIPIFICACION DEL RIESGO (2) | E4: ASIGNACION DEL RIESGO (6) | G4: CATEGORIZACION DEL RIESGO - PORCENTAJE DEL RIESGO SEGÚN PROBABILIDAD, MAGNITUD Y DURACION (9) | M4: PORCENTAJE DE RIESGO A ASUMIR (19) | N4: REFERENCIA A TENER EN CUENTA (20)
G5: PROBABILIDAD (10) | I5: MAGNITUD (13) | K5: DURACION (16)
B6: No. (3) | C6: DESCRIPCION (4) | D6: OBSERVACIONES (5) | E6: ENTIDAD (7) | F6: PROPONENTE Y/O CONTRATISTA (8) | G6: EVALUADA (11) | H6: VALORADA EN PORCENTAJE (12) | I6: EVALUADA (14) | J6: VALORADA EN PORCENTAJE (15) | K6: EVALUADA (17) | L6: VALORADA EN PORCENTAJE (18)
A7: Administrativos. | B7: 1 | C7: No firma del Contrato por parte del proponente y/o CONTRATISTA. | D7: Por que el CONTRATISTA se rehusó a firmarlo, no estuvo de acuerdo con el clausulado. En consecuencia se procede a la aplicación de la póliza de seriedad de la oferta. Riesgo que asume el CONTRATISTA. | F7: X | G7: B | H7: 0.25 | I7: B | J7: 0.25 | K7: B | L7: 0.25 | M7: 1 | N7: Porcentaje a asumir de acuerdo con el monto del evento presentado
B8: =+B7+1 -> 2 | C8: Demora en la iniciación del Contrato por falta de Interventora. | D8: Esperar a que se adjudique el contrato de Interventora o el problema que se haya presentado. Riesgo que asume la ENTIDAD. Sin embargo se aclara que el riesgo asumido por la ENTIDAD queda subsanado mediante los ajustes pactados. | E8: X | G8: B | H8: 0.25 | I8: B | J8: 0.25 | K8: B | L8: 0.25 | M8: 1 | N8: Porcentaje a asumir de acuerdo con el monto del evento presentado
B9: =+B8+1 -> 3 | C9: Demora en el pago de las obligaciones de INFICALDAS a los contratistas. | D9: Que INFICALDAS no cancele las obligaciones dinerarias en los plazos previstos en el pliego de condiciones. | E9: X | G9: B | H9: 0.25 | I9: A | J9: 1 | K9: M | L9: 0.5 | M9: 1 | N9: Porcentaje a asumir de acuerdo con el monto del evento presentado
A10: Jurídicos y/o legales y/o documentales y/o regulatorios. | B10: =+B9+1 -> 4 | C10: Incumplimiento del Contrato por parte del CONTRATISTA. | D10: Hace referencia a cualquier clase de incumplimiento por parte del CONTRATISTA, antes, durante y posterior a la órden de iniciación del Contrato. Riesgo que asume el CONTRATISTA. | F10: X | G10: A | H10: 1 | I10: A | J10: 1 | K10: A | L10: 1 | M10: 1 | N10: Porcentaje a asumir de acuerdo con el monto del evento presentado
B11: =+B10+1 -> 5 | C11: Incumplimiento en la estabilidad de obra por parte del CONTRATISTA. | D11: Riesgo que asume el CONTRATISTA. | F11: X | G11: A | H11: 1 | I11: A | J11: 1 | K11: A | L11: 1 | M11: 1 | N11: Porcentaje a asumir de acuerdo con el monto del evento presentado
B12: =+B11+1 -> 6 | C12: No pago oportuno, por parte del CONTRATISTA, a los trabajadores y personal de la obra en relación con salarios, prestaciones sociales y demás beneficios a que tengan derecho. | D12: Riesgo que asume el CONTRATISTA. | F12: X | G12: M | H12: 0.5 | I12: M | J12: 0.5 | K12: M | L12: 0.5 | M12: 1 | N12: Porcentaje a asumir de acuerdo con el monto del evento presentado
B13: =+B12+1 -> 7 | C13: Paros ocasionados por los trabajadores y personal de la obra por la no cancelación oportuna de salarios y prestaciones sociales y demás beneficios a que tengan derecho. | D13: Riesgo que asume el CONTRATISTA. | F13: X | G13: B | H13: 0.25 | I13: B | J13: 0.25 | K13: B | L13: 0.25 | M13: 1 | N13: Porcentaje a asumir de acuerdo con el monto del evento presentado
B14: =+B13+1 -> 8 | C14: Daños a terceros por responsabilidad civil por parte del CONTRATISTA. | D14: Riesgo que asume el CONTRATISTA. | F14: X | G14: B | H14: 0.25 | I14: M | J14: 0.5 | K14: B | L14: 0.25 | M14: 1 | N14: Porcentaje a asumir de acuerdo con el monto del evento presentado
B15: =+B14+1 -> 9 | C15: Errores involuntarios que hayan quedado en los pliegos de condiciones, APU, unidades, cantidades de obra, especificaciones, descripción del proyecto, estudios previos, anexos técnicos, operaciones aritméticas, etc. | D15: Hace referencia a cualquier error que se pueda presentar en los archivos publicados en la página WEB. Riesgo que asume la ENTIDAD y el CONTRATISTA. | E15: X | F15: X | G15: B | H15: 0.25 | I15: B | J15: 0.25 | K15: B | L15: 0.25 | M15: 1 | N15: Porcentaje a asumir de acuerdo con el monto del evento presentado
B16: =+B15+1 -> 10 | C16: Errores cometidos por el CONTRATISTA en la elaboración de las propuestas (Sobre 1 y Sobre 2) y/o en los documentos relacionados en el Numeral 5.2 de los Pliegos de Condiciones o errores cometidos en documentos elaborados por el CONTRATISTA durante la ejecución del Contrato. | D16: Riesgo que asume el CONTRATISTA. | F16: X | G16: A | H16: 1 | I16: M | J16: 0.5 | K16: M | L16: 0.5 | M16: 1 | N16: Porcentaje a asumir de acuerdo con el monto del evento presentado
B17: =+B16+1 -> 11 | C17: Precios por debajo del presupuesto oficial (POR DEBAJO DEL 95 POR CIENTO DE CADA UNO DE LOS ITEMS DEL PRESUPUESTO OFICIAL Y/O DE CADA UNO DE LOS INSUMOS, COSTOS, PRECIOS, ALQUILER DE EQUIPOS, MATERIALES, SALARIOS, TRANSPORTES de los APU) en la propuesta del CONTRATISTA. | D17: Riesgo que asume el CONTRATISTA. | F17: X | G17: A | H17: 1 | I17: A | J17: 1 | K17: A | L17: 1 | M17: 1 | N17: Porcentaje a asumir de acuerdo con el monto del evento presentado
B18: =+B17+1 -> 12 | C18: Paros y/o problemas que se puedan presentar por transportadores de carga y/o pasajeros. | D18: Riesgo que asume la ENTIDAD si el paro es mayor o igual a 15 días calendario, en caso contrario lo asume el CONTRATISTA. Para este cálculo se debe tener en cuenta el Programa de Obra y de Inversiones vigente del Contrato. | E18: X | F18: X | G18: B | H18: 0.25 | I18: B | J18: 0.25 | K18: B | L18: 0.25 | M18: 1 | N18: Porcentaje a asumir de acuerdo con el monto del evento presentado
B19: =+B18+1 -> 13 | C19: No pago oportuno, por parte del CONTRATISTA, a toda clase de proveedores en relación con compras, alquileres, servicios, contratos, etc. | D19: Riesgo que asume el CONTRATISTA. | F19: X | G19: M | H19: 0.5 | I19: A | J19: 1 | K19: B | L19: 0.25 | M19: 1 | N19: Porcentaje a asumir de acuerdo con el monto del evento presentado
B20: =+B19+1 -> 14 | C20: Problemas presentados entre socios y/o consorciados y/o integrantes de uniones temporales y/o familiares de las empresas y/o firmas que contratan con la ENTIDAD. | D20: Riesgo que asume el CONTRATISTA. | F20: X | G20: B | H20: 0.25 | I20: B | J20: 0.25 | K20: B | L20: 0.25 | M20: 1 | N20: Porcentaje a asumir de acuerdo con el monto del evento presentado
B21: =+B20+1 -> 15 | C21: Muerte del CONTRATISTA y/o representante legal. | D21: Riesgo que asume el CONTRATISTA. | F21: X | G21: B | H21: 0.25 | I21: B | J21: 0.25 | K21: B | L21: 0.25 | M21: 1 | N21: Porcentaje a asumir de acuerdo con el monto del evento presentado
B22: =+B21+1 -> 16 | C22: Demora en la radicación (en la ENTIDAD) oportuna por parte del CONTRATISTA de las actas (correctamente diligenciadas y firmadas) y/o cuentas. | D22: Riesgo que asume el CONTRATISTA, teniendo en cuenta que le corresponde a éste tener planes de contingencia y/o calidad para que las actas se elaboren correctamente y radiquen oportunamente de acuerdo con lo manifestado en el Contrato. | F22: X | G22: A | H22: 1 | I22: B | J22: 0.25 | K22: B | L22: 0.25 | M22: 1 | N22: Porcentaje a asumir de acuerdo con el monto del evento presentado
B23: =+B22+1 -> 17 | C23: Errores cometidos por el CONTRATISTA y/o interventor en la elaboración de las actas y/o cuentas que ocasionan demoras en su radicación. | D23: Riesgo que asume el CONTRATISTA, teniendo en cuenta que le corresponde a éste coordinar con la interventoría la elaboración de las actas de acuerdo con lo manifestado en el Pliego y en el Contrato. | F23: X | G23: A | H23: 1 | I23: B | J23: 0.25 | K23: B | L23: 0.25 | M23: 1 | N23: Porcentaje a asumir de acuerdo con el monto del evento presentado
B24: =+B23+1 -> 18 | C24: Aplicación de la ley de intervención económica al CONTRATISTA. | D24: Riesgo que asume la ENTIDAD y el CONTRATISTA. | E24: X | F24: X | G24: B | H24: 0.25 | I24: A | J24: 1 | K24: B | L24: 0.25 | M24: 1 | N24: Porcentaje a asumir de acuerdo con el monto del evento presentado
B25: 19 | C25: Muerte de personal del CONTRATISTA durante la ejecución del Contrato. | D25: Riesgo que asume el CONTRATISTA. | F25: X | G25: B | H25: 0.25 | I25: B | J25: 0.25 | K25: B | L25: 0.25 | M25: 1 | N25: Porcentaje a asumir de acuerdo con el monto del evento presentado
B26: 20 | C26: Accidentalidad presentada por la deficiente colocación de señalización preventiva en obra, falta de señalización de aproximación e iluminación, equipos de radio para cierres y demás señalización necesaria, y de seguridad industrial y de señalización y dotación de los operarios y trabajadores, etc., por parte del CONTRATISTA. | D26: Riesgos que asume el CONTRATISTA. | F26: X | G26: A | H26: 1 | I26: A | J26: 1 | K26: A | L26: 1 | M26: 1 | N26: Porcentaje a asumir de acuerdo con el monto del evento presentado
B27: =+B26+1 -> 21 | C27: Problemas presentados por colapso de árboles o caída de piedras y/o rocas en la zona de carreteras. | D27: Riesgo que asume el CONTRATISTA, teniendo en cuenta que le corresponde a éste tomar las acciones necesarias para prevenir y evitar estos eventos. | F27: X | G27: B | H27: 0.25 | I27: B | J27: 0.25 | K27: B | L27: 0.25 | M27: 1 | N27: Porcentaje a asumir de acuerdo con el monto del evento presentado
B28: =+B27+1 -> 22 | C28: Por cambios de normatividad técnica relacionada con la ejecución del contrato, durante la ejecución del Contrato. | D28: Riesgo que asume la ENTIDAD. | E28: X | G28: B | H28: 0.25 | I28: B | J28: 0.25 | K28: B | L28: 0.25 | M28: 1 | N28: Porcentaje a asumir de acuerdo con el monto del evento presentado
B29: =+B28+1 -> 23 | C29: Demora en la legalización del Contrato por parte del CONTRATISTA. | D29: Causada por parte del CONTRATISTA, por no radicar completa, correcta y oportunamente la documentación de legalización. Riesgo que asume el CONTRATISTA. | F29: X | G29: M | H29: 0.5 | I29: B | J29: 0.25 | K29: B | L29: 0.25 | M29: 1 | N29: Porcentaje a asumir de acuerdo con el monto del evento presentado
B30: =+B29+1 -> 24 | C30: Demora en la radicación en la ENTIDAD, por parte del CONTRATISTA, de los documentos soportes relacionados con precios no previstos. | D30: Hace referencia a la demora en la radicación de documentos en la ENTIDAD, de forma completa, correctamente elaborados y con los respectivos vistos buenos, de conformidad con la manifestado en el MANUAL DE INTERVENTORIA. Riesgo que asume el CONTRATISTA. | F30: X | G30: A | H30: 1 | I30: M | J30: 0.5 | K30: M | L30: 0.5 | M30: 1 | N30: Porcentaje a asumir de acuerdo con el monto del evento presentado
B31: =+B30+1 -> 25 | C31: Abandono de la obra por parte del CONTRATISTA. | D31: Riesgo que asume el CONTRATISTA. | F31: X | G31: B | H31: 0.25 | I31: A | J31: 1 | K31: A | L31: 1 | M31: 1 | N31: Porcentaje a asumir de acuerdo con el monto del evento presentado
B32: =+B31+1 -> 26 | C32: Manejo del anticipo del CONTRATISTA. | D32: Hace referencia al no correcto manejo del anticipo, no amortización de su totalidad, a la no inversión del anticipo en el Contrato, o al mal manejo en general del anticipo. Riesgo que asume el CONTRATISTA. | F32: X | G32: M | H32: 0.5 | I32: M | J32: 0.5 | K32: M | L32: 0.5 | M32: 1 | N32: Porcentaje a asumir de acuerdo con el monto del evento presentado
B33: =+B32+1 -> 27 | C33: Suspensiones del Contrato. | D33: Riesgo que asume el CONTRATISTA. Para este cálculo se debe tener en cuenta el Programa de Obra y de Inversiones vigente del Contrato. | F33: X | G33: M | H33: 0.5 | I33: M | J33: 0.5 | K33: M | L33: 0.5 | M33: 1 | N33: Porcentaje a asumir de acuerdo con el monto del evento presentado
B34: =+B33+1 -> 28 | C34: Prórrogas del Contrato. | D34: Riesgo que asume el CONTRATISTA. | F34: X | G34: M | H34: 0.5 | I34: M | J34: 0.5 | K34: M | L34: 0.5 | M34: 1 | N34: Porcentaje a asumir de acuerdo con el monto del evento presentado
B35: =+B34+1 -> 29 | C35: Baja tasa y/o valoración de riesgo estimada por el CONTRATISTA comparada con el valor y tipo de Contrato a ejecutar. | D35: Riesgo que asume el CONTRATISTA. | F35: X | G35: M | H35: 0.5 | I35: M | J35: 0.5 | K35: M | L35: 0.5 | M35: 1 | N35: Porcentaje a asumir de acuerdo con el monto del evento presentado
B36: 30 | C36: Coordinación Interinstitucional. | D36: Cuando la ENTIDAD y/o CONTRATISTA dependen de decisiones de otras entidades oficiales. Riesgo que asume el la ENTIDAD. | E36: X | G36: M | H36: 0.5 | I36: M | J36: 0.5 | K36: M | L36: 0.5 | M36: 1 | N36: Porcentaje a asumir de acuerdo con el monto del evento presentado
A37: Financieros y/o de Mercado. | B37: =+B36+1 -> 31 | C37: Reajustes imprevistos en el costo de materiales con precios no regulados por el Gobierno. | D37: Riesgo que asume el CONTRATISTA. | F37: X | G37: M | H37: 0.5 | I37: A | J37: 1 | K37: M | L37: 0.5 | M37: 1 | N37: Porcentaje a asumir de acuerdo con el monto del evento presentado
B38: =+B37+1 -> 32 | C38: Fluctuación de precios en los materiales cuyos precios están regulados por el Gobierno. | D38: Riesgo que asume la ENTIDAD en caso de que la fluctuación haya sido exorbitante, o de lo contrario, lo asume el CONTRATISTA. Sin embargo se aclara que el riesgo asumido por la ENTIDAD queda subsanado mediante los ajustes pactados. | E38: X | F38: X | G38: M | H38: 0.5 | I38: M | J38: 0.5 | K38: M | L38: 0.5 | M38: 1 | N38: Porcentaje a asumir de acuerdo con el monto del evento presentado
B39: =+B38+1 -> 33 | C39: Insolvencia del CONTRATISTA | D39: Riesgo que asume el CONTRATISTA. | F39: X | G39: B | H39: 0.25 | I39: A | J39: 1 | K39: A | L39: 1 | M39: 1 | N39: Porcentaje a asumir de acuerdo con el monto del evento presentado
B40: =+B39+1 -> 34 | C40: Posible desequilibrio financiero del Contrato de obra por acarreo de maquinaria para atención de emergencias menores que requieren ser atendidas por el Contrato. | D40: Hace referencia a la atención de emergencias de pequeñas magnitudes y/o emergencias a grandes distancias en donde se requiere transportar el equipo para solucionar la emergencia y le corresponde al CONTRATISTA su atención. En caso de ser necesario se debe presentar la documentación relacionada con precios no previstos a la mayor brevedad. Riesgo que asume la ENTIDAD y el CONTRATISTA. | E40: X | F40: X | G40: A | H40: 1 | I40: A | J40: 1 | K40: M | L40: 0.5 | M40: 1 | N40: Porcentaje a asumir de acuerdo con el monto del evento presentado
B41: =+B40+1 -> 35 | C41: Salida del mercado de insumos o materias primas para la elaboración de las obras objeto del Contrato. | D41: Riesgo que asume la ENTIDAD y el CONTRATISTA. | E41: X | F41: X | G41: B | H41: 0.25 | I41: M | J41: 0.25 | K41: B | L41: 0.25 | M41: 1 | N41: Porcentaje a asumir de acuerdo con el monto del evento presentado
A42: Sociales y/o Ambientales. | B42: =+B41+1 -> 36 | C42: No obtener los Permisos ambientales, en los tiempos requeridos para la obra. | D42: Hace referencia al riesgo AMBIENTAL del Contrato. Riesgo que asume el CONTRATISTA. | F42: X | G42: A | H42: 1 | I42: M | J42: 0.25 | K42: B | L42: 0.25 | M42: 1 | N42: Porcentaje a asumir de acuerdo con el monto del evento presentado
B43: =+B42+1 -> 37 | C43: Cambios en las fuentes de materiales autorizadas. | D43: Hace referencia al riesgo AMBIENTAL del Contrato. Riesgo que asume el CONTRATISTA. | F43: X | G43: M | H43: 0.5 | I43: A | J43: 1 | K43: M | L43: 0.5 | M43: 1 | N43: Porcentaje a asumir de acuerdo con el monto del evento presentado
B44: =+B43+1 -> 38 | C44: Incumplimiento de medidas establecidas por las Corporaciones Autónomas Regionales por otorgamiento de permisos. | D44: Hace referencia al riesgo AMBIENTAL del Contrato. Riesgo que asume el CONTRATISTA. | F44: X | G44: A | H44: 1 | I44: M | J44: 0.5 | K44: B | L44: 0.25 | M44: 1 | N44: Porcentaje a asumir de acuerdo con el monto del evento presentado
B45: =+B44+1 -> 39 | C45: Multas por incumplimientos en manejo ambiental y/o permisos. | D45: Hace referencia al riesgo AMBIENTAL del Contrato. Riesgo que asume el CONTRATISTA. | F45: X | G45: A | H45: 1 | I45: M | J45: 0.5 | K45: B | L45: 0.25 | M45: 1 | N45: Porcentaje a asumir de acuerdo con el monto del evento presentado
B46: =+B45+1 -> 40 | C46: No realizar los pagos de regalías por uso y explotación de materiales. | D46: Hace referencia al riesgo AMBIENTAL del Contrato. Riesgo que asume el CONTRATISTA. | F46: X | G46: A | H46: 1 | I46: M | J46: 0.5 | K46: B | L46: 0.25 | M46: 1 | N46: Porcentaje a asumir de acuerdo con el monto del evento presentado
B47: =+B46+1 -> 41 | C47: Daños ambientales por inadecuadas prácticas del proceso constructivo. | D47: Hace referencia al riesgo AMBIENTAL del Contrato. Riesgo que asume el CONTRATISTA. | F47: X | G47: A | H47: 1 | I47: M | J47: 0.5 | K47: B | L47: 0.25 | M47: 1 | N47: Porcentaje a asumir de acuerdo con el monto del evento presentado
B48: =+B47+1 -> 42 | C48: Paros sociales ocasionados por comunidades. | D48: Hace referencia al riesgo AMBIENTAL del Contrato. Riesgo que asume la ENTIDAD y el CONTRATISTA. | E48: X | F48: X | G48: M | H48: 0.5 | I48: A | J48: 1 | K48: B | L48: 0.25 | M48: 1 | N48: Porcentaje a asumir de acuerdo con el monto del evento presentado
B49: =+B48+1 -> 43 | C49: Demora en la obtención de licencias ambientales por inadecuada presentación de soportes y estudios. | D49: Hace referencia al riesgo AMBIENTAL del Contrato. En el caso de que el CONTRATISTA sea quien tenga a cargo la obtención de la licencia. Riesgo que asume el CONTRATISTA. | F49: X | G49: A | H49: 1 | I49: A | J49: 1 | K49: B | L49: 0.25 | M49: 1 | N49: Porcentaje a asumir de acuerdo con el monto del evento presentado
B50: =+B49+1 -> 44 | C50: Demora en la obtención de licencias ambientales por inadecuada presentación de soportes y estudios. | D50: Hace referencia al riesgo AMBIENTAL del Contrato. En el caso de que la ENTIDAD sea quien tenga a cargo la obtención de la licencia. Riesgo que asume la ENTIDAD. | E50: X | G50: A | H50: 1 | I50: A | J50: 1 | K50: B | L50: 0.25 | M50: 1 | N50: Porcentaje a asumir de acuerdo con el monto del evento presentado
B51: =+B50+1 -> 45 | C51: Incumplimiento del PAGA | D51: Hace referencia al riesgo AMBIENTAL del Contrato. Riesgo que asume el CONTRATISTA. | F51: X | G51: A | H51: 1 | I51: M | J51: 0.5 | K51: B | L51: 0.25 | M51: 1 | N51: Porcentaje a asumir de acuerdo con el monto del evento presentado
B52: =+B51+1 -> 46 | C52: Demora en la firma de acuerdos en la protocolización de la consulta previa. | D52: Hace referencia al riesgo AMBIENTAL del Contrato. En el caso de que el CONTRATISTA sea quien realice la consulta. Riesgo que asume el CONTRATISTA. | F52: X | G52: A | H52: 1 | I52: A | J52: 1 | K52: B | L52: 0.25 | M52: 1 | N52: Porcentaje a asumir de acuerdo con el monto del evento presentado
B53: =+B52+1 -> 47 | C53: Demora en la firma de acuerdos en la protocolización de la consulta previa. | D53: Hace referencia al riesgo AMBIENTAL del Contrato. En el caso de que la ENTIDAD sea quien realice la consulta. Riesgo que asume la ENTIDAD. | E53: X | G53: A | H53: 1 | I53: A | J53: 1 | K53: B | L53: 0.25 | M53: 1 | N53: Porcentaje a asumir de acuerdo con el monto del evento presentado
B54: =+B53+1 -> 48 | C54: Daños a terceros por inadecuadas prácticas en el proceso constructivo, desde el punto de vista ambiental. | D54: Hace referencia al riesgo AMBIENTAL del Contrato. Riesgo que asume el CONTRATISTA. | F54: X | G54: A | H54: 1 | I54: M | J54: 0.5 | K54: B | L54: 0.25 | M54: 1 | N54: Porcentaje a asumir de acuerdo con el monto del evento presentado
B55: =+B54+1 -> 49 | C55: Requerimientos adicionales impuestos por la autoridad ambiental. | D55: Hace referencia al riesgo AMBIENTAL del Contrato. Riesgo que asume el CONTRATISTA. | F55: X | G55: A | H55: 1 | I55: M | J55: 0.5 | K55: B | L55: 0.25 | M55: 1 | N55: Porcentaje a asumir de acuerdo con el monto del evento presentado
B56: =+B55+1 -> 50 | C56: Requerimientos adicionales impuestos por Ministerios o Instituciones relacionadas con aspectos ambientales. | D56: Hace referencia al riesgo AMBIENTAL del Contrato. Riesgo que asume el CONTRATISTA. | F56: X | G56: A | H56: 1 | I56: M | J56: 0.5 | K56: B | L56: 0.25 | M56: 1 | N56: Porcentaje a asumir de acuerdo con el monto del evento presentado
A57: Estudios y/o Diseños. | B57: =+B56+1 -> 51 | C57: Por diseños y/o estudios (generales y/o específicos) deficientes y/o incompletos ejecutados por el CONTRATISTA. | D57: Riesgo que asume el CONTRATISTA.. | F57: X | G57: B | H57: 0.25 | I57: A | J57: 1 | K57: A | L57: 1 | M57: 1 | N57: Porcentaje a asumir de acuerdo con el monto del evento presentado
B58: =+B57+1 -> 52 | C58: Por diseños y/o estudios (generales y/o específicos) deficientes y/o incompletos ejecutados por la ENTIDAD. | D58: Riesgo que asume la ENTIDAD. | E58: X | G58: B | H58: 0.25 | I58: A | J58: 1 | K58: A | L58: 1 | M58: 1 | N58: Porcentaje a asumir de acuerdo con el monto del evento presentado
B59: =+B58+1 -> 53 | C59: Por diseños y/o estudios (generales y/o específicos) deficientes y/o incompletos ejecutados por otro consultor. En este caso se requerirá al consultor respectivo. | D59: Riesgo que asume la ENTIDAD. | E59: X | G59: B | H59: 0.25 | I59: M | J59: 0.5 | K59: A | L59: 1 | M59: 1 | N59: Porcentaje a asumir de acuerdo con el monto del evento presentado
B60: =+B59+1 -> 54 | C60: Por diseños y/o estudios (generales y/o específicos) deficientes y/o incompletos ejecutados por el interventor. En este caso se requerirá al interventor respectivo. | D60: Riesgo que asume la ENTIDAD. | E60: X | G60: M | H60: 0.5 | I60: A | J60: 1 | K60: M | L60: 0.5 | M60: 1 | N60: Porcentaje a asumir de acuerdo con el monto del evento presentado
B61: =+B60+1 -> 55 | C61: Demora en la revisión y/o aprobación de diseños y/o estudios, por parte de la Interventora cuando sean por causas técnicas aludibles al CONTRATISTA. | D61: Riesgo que asume el CONTRATISTA. | F61: X | G61: A | H61: 1 | I61: A | J61: 1 | K61: A | L61: 1 | M61: 1 | N61: Porcentaje a asumir de acuerdo con el monto del evento presentado
B62: =+B61+1 -> 56 | C62: Demora en la definición del estudio definitivo, cuando hay necesidad de hacer una actualización porque los existentes se encuentran inaplicables por deficientes o por desactualizados. | D62: Riesgo que asume el CONTRATISTA. | F62: X | G62: A | H62: 1 | I62: A | J62: 1 | K62: A | L62: 1 | M62: 1 | N62: Porcentaje a asumir de acuerdo con el monto del evento presentado
B63: =+B62+1 -> 57 | C63: Por modificación y ajustes de los diseños y/o estudios (generales y/o específicos) los cuales fueron ejecutados por otro consultor, sin la autorización del consultor por parte del INTERVENTOR y/o CONTRATISTA. | D63: Riesgo que asume el CONTRATISTA. | F63: X | G63: A | H63: 1 | I63: A | J63: 1 | K63: A | L63: 1 | M63: 1 | N63: Porcentaje a asumir de acuerdo con el monto del evento presentado
A64: Técnicos y/o operativos y/o de ejecución. | B64: =+B63+1 -> 58 | C64: Modificación y/o cambios de ubicación en las fuentes de materiales. | D64: Riesgo que asume el CONTRATISTA. | F64: X | G64: A | H64: 1 | I64: A | J64: 1 | K64: A | L64: 1 | M64: 1 | N64: Porcentaje a asumir de acuerdo con el monto del evento presentado
B65: =+B64+1 -> 59 | C65: Mantenimiento de las vías de acceso a las fuentes de materiales. | D65: Riesgo que asume el CONTRATISTA. | F65: X | G65: A | H65: 1 | I65: A | J65: 1 | K65: B | L65: 0.25 | M65: 1 | N65: Porcentaje a asumir de acuerdo con el monto del evento presentado
B66: =+B65+1 -> 60 | C66: Pluviometría fuera de lo normal | D66: Análisis estadístico de los registros pluviométricos de las estaciones de la zona donde se ejecutará el Contrato. Riesgo que asume la ENTIDAD y el CONTRATISTA. | E66: X | F66: X | G66: A | H66: 1 | I66: A | J66: 1 | K66: A | L66: 1 | M66: 1 | N66: Porcentaje a asumir de acuerdo con el monto del evento presentado
B67: =+B66+1 -> 61 | C67: Transporte y utilización de explosivos. | D67: Hace referencia a todo el proceso de adquisición, transporte, colocación, uso y manejo de los explosivos. Riesgo que asume el CONTRATISTA. | F67: X | G67: B | H67: 0.25 | I67: B | J67: 0.25 | K67: B | L67: 0.25 | M67: 1 | N67: Porcentaje a asumir de acuerdo con el monto del evento presentado
B68: =+B67+1 -> 62 | C68: Saturación de los materiales de construcción por deficiencias en su acopio. | D68: Riesgo que asume el CONTRATISTA. | F68: X | G68: A | H68: 1 | I68: A | J68: 1 | K68: B | L68: 0.25 | M68: 1 | N68: Porcentaje a asumir de acuerdo con el monto del evento presentado
B69: =+B68+1 -> 63 | C69: Demoras ocasionadas por el óptimo funcionamiento y puesta a punto de la maquinaria y/o equipos en la obra por parte del CONTRATISTA. | D69: Riesgo que asume el CONTRATISTA. | F69: X | G69: A | H69: 1 | I69: A | J69: 1 | K69: A | L69: 1 | M69: 1 | N69: Porcentaje a asumir de acuerdo con el monto del evento presentado
B70: =+B69+1 -> 64 | C70: Daños en el funcionamiento de la maquinaria y/o equipos. | D70: Riesgo que asume el CONTRATISTA. | F70: X | G70: A | H70: 1 | I70: A | J70: 1 | K70: A | L70: 1 | M70: 1 | N70: Porcentaje a asumir de acuerdo con el monto del evento presentado
B71: =+B70+1 -> 65 | C71: Cambio en la ubicación de las obras menores solicitadas por Alcaldes, usuarios o vecinos de la carretera invocando derechos de petición u otras herramientas legales, no autorizados por la ENTIDAD | D71: Hace referencia a obras que son concertadas con las mencionadas personalidades. Riesgo que asume el CONTRATISTA. | F71: X | G71: B | H71: 0.25 | I71: A | J71: 1 | K71: M | L71: 0.5 | M71: 1 | N71: Porcentaje a asumir de acuerdo con el monto del evento presentado
B72: =+B71+1 -> 66 | C72: Imprecisión en la clasificación de los materiales en la construcción de terraplenes. | D72: Hace referencia a que algunos materiales pueden generar coeficientes negativos para la liquidación de los acarreos (Arcillas Consolidadas). Riesgo que asume el CONTRATISTA. | F72: X | G72: B | H72: 0.25 | I72: M | J72: 0.5 | K72: M | L72: 0.5 | M72: 1 | N72: Porcentaje a asumir de acuerdo con el monto del evento presentado
B73: =+B72+1 -> 67 | C73: Discrepancias entre CONTRATISTA e Interventor. | D73: Riesgo que asume el CONTRATISTA. | F73: X | G73: M | H73: 0.5 | I73: M | J73: 0.5 | K73: M | L73: 0.5 | M73: 1 | N73: Porcentaje a asumir de acuerdo con el monto del evento presentado
B74: =+B73+1 -> 68 | C74: Modificaciones de algunas de las obras a ejecutar en el Contrato y/o modificaciones de algunas de las cantidades de obra del Contrato. | D74: Hace referencia a las modificaciones que se puedan presentar mediante las actas de modificación de cantidades de obra. Riesgo que asume el CONTRATISTA. | F74: X | G74: B | H74: 0.25 | I74: A | J74: 1 | K74: M | L74: 0.5 | M74: 1 | N74: Porcentaje a asumir de acuerdo con el monto del evento presentado
B75: =+B74+1 -> 69 | C75: Reconstrucción y reparación de obra cuando no se le hubiese permitido adelantar a la interventoría los correspondientes controles y mediciones de dichas obras. | D75: Riesgo que asume el CONTRATISTA. | F75: X | G75: M | H75: 0.5 | I75: M | J75: 0.5 | K75: M | L75: 0.5 | M75: 1 | N75: Porcentaje a asumir de acuerdo con el monto del evento presentado
B76: =+B75+1 -> 70 | C76: Demoler todos los productos y elementos defectuosos construidos o materiales producidos que no cumplan con las especificaciones y normas. | D76: Hace referencia a las órdenes de la Interventora y/o supervisores de la ENTIDAD para demoler obras construidas por el CONTRATISTA que no cumplan con especificaciones del Pliego y del Contrato y/o normatividad vigente. Riesgo que asume el CONTRATISTA. | F76: X | G76: M | H76: 0.5 | I76: M | J76: 0.5 | K76: M | L76: 0.5 | M76: 1 | N76: Porcentaje a asumir de acuerdo con el monto del evento presentado
B77: =+B76+1 -> 71 | C77: No tener vigentes por parte del CONTRATISTA los documentos necesarios y requeridos para el pago de las cuentas y/o actas de obra. | D77: Hace referencia a todos los documentos tales como los expedidos por la DIAN, PROCURADURIA, CONTRALORIA, FISCALIA, documentos municipales, etc. Riesgo que asume el CONTRATISTA, teniendo en cuenta que es su responsabilidad tener todos los documentos vigentes cuando sean requeridos y/o se necesiten. | F77: X | G77: B | H77: 0.25 | I77: A | J77: 1 | K77: B | L77: 0.25 | M77: 1 | N77: Porcentaje a asumir de acuerdo con el monto del evento presentado
B78: =+B77+1 -> 72 | C78: Problemas presentados durante la producción de los insumos por parte de los proveedores. | D78: Riesgo que asume el CONTRATISTA. | F78: X | G78: B | H78: 0.25 | I78: B | J78: 0.25 | K78: B | L78: 0.25 | M78: 1 | N78: Porcentaje a asumir de acuerdo con el monto del evento presentado
B79: =+B78+1 -> 73 | C79: Parálisis de la ejecución de los trabajos por desbordamiento de los ríos, que afecten la movilidad en el proyecto y/o explotación de materiales. | D79: Riesgo que asume la ENTIDAD y el CONTRATISTA. | E79: X | F79: X | G79: A | H79: 1 | I79: M | J79: 0.5 | K79: M | L79: 0.5 | M79: 1 | N79: Porcentaje a asumir de acuerdo con el monto del evento presentado
A80: Causas y/o eventos de la naturaleza, fuerza mayor o caso fortuito. | B80: =+B79+1 -> 74 | C80: Terremotos, huracanes, tornados, volcanes, inundaciones marinas, inundaciones fluviales, deslizamientos exorbitantes, tsunamis, vientos exorbitantes, incendios no provocados y/o demás fuerzas de la naturaleza. | D80: Riesgo que asume la ENTIDAD. | E80: X | G80: M | H80: 0.5 | I80: A | J80: 1 | K80: B | L80: 0.25 | M80: 1 | N80: Porcentaje a asumir de acuerdo con el monto del evento presentado
B81: =+B80+1 -> 75 | C81: Accidentes del transportador que lleve insumos y/o materiales y/o maquinaria y/o equipos y/o personal del CONTRATISTA. | D81: Riesgo que asume el CONTRATISTA. | F81: X | G81: B | H81: 0.25 | I81: B | J81: 0.25 | K81: B | L81: 0.25 | M81: 1 | N81: Porcentaje a asumir de acuerdo con el monto del evento presentado
C83: NOTA 1: Cuando el riesgo sea compartido entre la ENTIDAD y CONTRATISTA, el porcentaje a asumir es 50% para cada uno.
C84: NOTA 2: La columna No. 6 corresponde a quien le corresponde asumir el riesgo.
C85: NOTA 3: La columna No. 10 corresponde a la probabilidad de ocurrencia (Alta=100%, Media=50%, Baja=25%).
C86: NOTA 4: La columna No. 13 corresponde a la magnitud de incidencia en el contrato (Alta=100%, Media=50%, Baja=25%).
C87: NOTA 5: La columna No. 16 corresponde a la duración si se presenta el evento (Alta=100%, Media=50%, Baja=25%).
C88: NOTA 6: La columna No. 19 corresponde al porcentaje de riesgo a asumir, cálculo realizado con base al evento presentado.
C89: NOTA 7: La columna No. 20 corresponde a la referencia a tener en cuenta para el cálculo del riesgo a asumir en el contrato.

Sheet Matriz de Riesgos
A1: N | B1: Clase | C1: Fuente | D1: Etapa | E1: Tipo | F1: Descripción | G1: Consecuencia de la ocurrencia del evento | H1: Probabilidad | I1: Impacto | J1: Valoración | K1: Categoría | L1: ¿A quién se le asigna? | M1: Tratamiento / Control a ser implementado | N1: Impacto después del tratamiento | R1: ¿Afecta la ejecución del contrato? | S1: Responsable por implementar el tratamiento | T1: Fecha estimada en que se inicia el tratamiento | U1: Fecha estimada en que se completa el tratamiento | V1: Monitoreo y revisión
N2: Probabilidad | O2: Impacto | P2: Valoración | Q2: Categoría | V2: ¿Cómo se realiza el monitoreo? | W2: Periodicidad
A4: 1 | B4: General | C4: Interno | D4: Contratación | E4: Operacional | F4: No firma del Contrato por parte del proponente y/o CONTRATISTA. | G4: Por que el CONTRATISTA se rehusó a firmarlo, no estuvo de acuerdo con el clausulado. En consecuencia se procede a la aplicación de la póliza de seriedad de la oferta. Riesgo que asume el CONTRATISTA. | H4: 1 | I4: 5 | J4: =H4+I4 -> 6 | K4: =VLOOKUP(J4,Hoja2!$A$1:$B$9,2,FALSE) -> Alto | L4: CONTRATISTA | M4: Constitución de póliza de seriedad de la oferta, con LA ENTIDAD como beneficiario | N4: 1 | O4: 2 | P4: =N4+O4 -> 3 | Q4: =VLOOKUP(P4,Hoja2!$A$1:$B$9,2,FALSE) -> Bajo | R4: SI | S4: ENTIDAD | T4: Fecha de inicio contrato | U4: Fecha de terminación contrato | V4: Se exige en el Pliego de Condiciones | W4: Unica vez
A5: 2 | B5: General | C5: Interno | D5: Contratación | E5: Operacional | F5: Demora en la iniciación del Contrato por falta de Interventora. | G5: Esperar a que se adjudique el contrato de Interventora o el problema que se haya presentado. Riesgo que asume la ENTIDAD. Sin embargo se aclara que el riesgo asumido por la ENTIDAD queda subsanado mediante los ajustes pactados. | H5: 2 | I5: 5 | J5: =H5+I5 -> 7 | K5: =VLOOKUP(J5,Hoja2!$A$1:$B$9,2,FALSE) -> Alto | L5: ENTIDAD | M5: Planificación de los cronogramas de contratación que aseguren la contratación de la interventoría previo a la adjudicación del contrato de obra o previo a la orden de inicio | N5: 2 | O5: 2 | P5: =N5+O5 -> 4 | Q5: =VLOOKUP(P5,Hoja2!$A$1:$B$9,2,FALSE) -> Bajo | R5: SI | S5: ENTIDAD | T5: Fecha de inicio | U5: Fecha de terminación | V5: Se exige en el Pliego de Condiciones | W5: Cada proceso
A6: 3 | B6: General | C6: Interno | D6: Ejecución | E6: Financiero | F6: Demora en el pago de las obligaciones de LA ENTIDAD a los contratistas. | G6: Que LA ENTIDAD no cancele las obligaciones dinerarias en los plazos previstos en el pliego de condiciones. | H6: 3 | I6: 3 | J6: =H6+I6 -> 6 | K6: =VLOOKUP(J6,Hoja2!$A$1:$B$9,2,FALSE) -> Alto | L6: ENTIDAD | M6: Se debe implementar un manual de procedimiento para el trámite de las actas de pago, que involucre la parte técnica como el area financiera, para minimizar los plazos y acelerar el flujo de pagos | N6: 3 | O6: 1 | P6: =N6+O6 -> 4 | Q6: =VLOOKUP(P6,Hoja2!$A$1:$B$9,2,FALSE) -> Bajo | R6: SI | S6: ENTIDAD | T6: Fecha de inicio | U6: Fecha de terminación | V6: Revision flujo de inversiones mensuales | W6: Mensualmente
A7: 4 | B7: General | C7: Interno | D7: Ejecución | E7: Operacional | F7: Incumplimiento del Contrato por parte del CONTRATISTA. | G7: Hace referencia a cualquier clase de incumplimiento por parte del CONTRATISTA, antes, durante y posterior a la órden de iniciación del Contrato. Riesgo que asume el CONTRATISTA. | H7: 3 | I7: 4 | J7: =H7+I7 -> 7 | K7: =VLOOKUP(J7,Hoja2!$A$1:$B$9,2,FALSE) -> Alto | L7: CONTRATISTA | M7: Constitución de póliza de cumplimiento con LA ENTIDAD como beneficiario | N7: 3 | O7: 2 | P7: =N7+O7 -> 5 | Q7: =VLOOKUP(P7,Hoja2!$A$1:$B$9,2,FALSE) -> Medio | R7: SI | S7: CONTRATISTA | T7: Fecha de inicio | U7: Fecha de terminación | V7: Se exige en el Pliego de Condiciones | W7: Cada modificación del contrato
A8: 5 | B8: Específico | C8: Interno | D8: Ejecución | E8: Operacional | F8: Incumplimiento en la estabilidad de obra por parte del CONTRATISTA. | G8: Incumplimiento en la estabilidad de obra por parte del CONTRATISTA. | H8: 3 | I8: 3 | J8: =H8+I8 -> 6 | K8: =VLOOKUP(J8,Hoja2!$A$1:$B$9,2,FALSE) -> Alto | L8: CONTRATISTA | M8: Constitución de póliza de estabilidad y calidad de la obra con LA ENTIDAD como beneficiario | N8: 3 | O8: 1 | P8: =N8+O8 -> 4 | Q8: =VLOOKUP(P8,Hoja2!$A$1:$B$9,2,FALSE) -> Bajo | R8: NO | S8: CONTRATISTA | T8: Fecha de inicio | U8: Fecha de terminación | V8: Se exige en el Pliego de Condiciones | W8: Unica vez
A9: 6 | B9: Específico | C9: Interno | D9: Ejecución | E9: Operacional | F9: No pago oportuno, por parte del CONTRATISTA, a los trabajadores y personal de la obra en relación con salarios, prestaciones sociales y demás beneficios a que tengan derecho. | G9: No pago oportuno, por parte del CONTRATISTA, a los trabajadores y personal de la obra en relación con salarios, prestaciones sociales y demás beneficios a que tengan derecho. | H9: 3 | I9: 3 | J9: =H9+I9 -> 6 | K9: =VLOOKUP(J9,Hoja2!$A$1:$B$9,2,FALSE) -> Alto | L9: CONTRATISTA | M9: Se implementará el seguimiento periodico en cabeza de la Interventoría y la Supervisión del cumplimiento de las obligaciones del Contratista. Igualmente se debe constituir una póliza por salarios y prestaciones sociales con LA ENTIDAD como beneficiario | N9: 3 | O9: 1 | P9: =N9+O9 -> 4 | Q9: =VLOOKUP(P9,Hoja2!$A$1:$B$9,2,FALSE) -> Bajo | R9: SI | S9: INTERVENTORÍA / SUPERVISIÓN | T9: Fecha de inicio | U9: Fecha de terminación | V9: Seguimiento y verificación de la documentación del contrato | W9: Mensualmente
A10: 7 | B10: Específico | C10: Externo | D10: Ejecución | E10: Sociales o Politicos | F10: Paros ocasionados por los trabajadores y personal de la obra por la no cancelación oportuna de salarios y prestaciones sociales y demás beneficios a que tengan derecho. | G10: Paros ocasionados por los trabajadores y personal de la obra por la no cancelación oportuna de salarios y prestaciones sociales y demás beneficios a que tengan derecho. | H10: 3 | I10: 5 | J10: =H10+I10 -> 8 | K10: =VLOOKUP(J10,Hoja2!$A$1:$B$9,2,FALSE) -> Extremo | L10: CONTRATISTA | M10: Se implementará el seguimiento periodico en cabeza de la Interventoría y la Supervisión del cumplimiento de las obligaciones del Contratista. Igualmente se debe constituir una póliza por salarios y prestaciones sociales con LA ENTIDAD como beneficiario | N10: 3 | O10: 2 | P10: =N10+O10 -> 5 | Q10: =VLOOKUP(P10,Hoja2!$A$1:$B$9,2,FALSE) -> Medio | R10: SI | S10: INTERVENTORÍA / SUPERVISIÓN | T10: Fecha de inicio | U10: Fecha de terminación | V10: Seguimiento y verificación de la documentación del contrato | W10: Mensualmente
A11: 8 | B11: General | C11: Externo | D11: Ejecución | E11: Operacional | F11: Daños a terceros por responsabilidad civil por parte del CONTRATISTA. | G11: Daños a terceros por responsabilidad civil por parte del CONTRATISTA. | H11: 3 | I11: 3 | J11: =H11+I11 -> 6 | K11: =VLOOKUP(J11,Hoja2!$A$1:$B$9,2,FALSE) -> Alto | L11: CONTRATISTA | M11: Constitución de póliza de responsabilidad civil extracontractual y daños a terceros, con LA ENTIDAD como beneficiario | N11: 3 | O11: 1 | P11: =N11+O11 -> 4 | Q11: =VLOOKUP(P11,Hoja2!$A$1:$B$9,2,FALSE) -> Bajo | R11: NO | S11: CONTRATISTA | T11: Fecha de inicio | U11: Fecha de terminación | V11: Se exige en el Pliego de Condiciones | W11: Unica vez
A12: 9 | B12: General | C12: Externo | D12: Selección | E12: Operacional | F12: Errores involuntarios que hayan quedado en los pliegos de condiciones, APU, unidades, cantidades de obra, especificaciones, descripción del proyecto, estudios previos, anexos técnicos, operaciones aritméticas, etc. | G12: Hace referencia a cualquier error que se pueda presentar en los archivos publicados en la página WEB. Riesgo que asume la ENTIDAD y el CONTRATISTA. | H12: 2 | I12: 2 | J12: =H12+I12 -> 4 | K12: =VLOOKUP(J12,Hoja2!$A$1:$B$9,2,FALSE) -> Bajo | L12: COMPARTIDO | M12: Implementar Pliego tipo que minimice los cambios necesarios para la formulación de cada proceso y generar una base de datos de Analisis de Precios Unitarios que igualmente minimice la posibilidad de errores | N12: 2 | O12: 1 | P12: =N12+O12 -> 3 | Q12: =VLOOKUP(P12,Hoja2!$A$1:$B$9,2,FALSE) -> Bajo | R12: NO | S12: ENTIDAD | T12: Fecha de inicio | U12: Fecha de terminación | V12: Se revisa el documento tipo antes del inicio de cada proceso | W12: Cada proceso
A13: 10 | B13: General | C13: Externo | D13: Selección | E13: Operacional | F13: Errores cometidos por el CONTRATISTA en la elaboración de las propuestas | G13: Errores en los Sobre 1 y Sobre 2 y/o en los documentos relacionados en el Numeral 5.2 de los Pliegos de Condiciones o errores cometidos en documentos elaborados por el CONTRATISTA durante la ejecución del Contrato. | H13: 2 | I13: 2 | J13: =H13+I13 -> 4 | K13: =VLOOKUP(J13,Hoja2!$A$1:$B$9,2,FALSE) -> Bajo | L13: CONTRATISTA | M13: Blindar el proceso con un Pliego de Condiciones bien estructurado y solicitar la constitución de la garantia de seriedad de la Propuesta | N13: 2 | O13: 1 | P13: =N13+O13 -> 3 | Q13: =VLOOKUP(P13,Hoja2!$A$1:$B$9,2,FALSE) -> Bajo | R13: NO | S13: CONTRATISTA | T13: Fecha de inicio | U13: Fecha de terminación | V13: Se exige en el Pliego de Condiciones | W13: Cada proceso
A14: 11 | B14: General | C14: Externo | D14: Ejecución | E14: Sociales o Politicos | F14: Paros y/o problemas que se puedan presentar por transportadores de carga y/o pasajeros. | G14: Riesgo que asume la ENTIDAD si el paro es mayor o igual a 15 días calendario, en caso contrario lo asume el CONTRATISTA. Para este cálculo se debe tener en cuenta el Programa de Obra y de Inversiones vigente del Contrato. | H14: 3 | I14: 3 | J14: =H14+I14 -> 6 | K14: =VLOOKUP(J14,Hoja2!$A$1:$B$9,2,FALSE) -> Alto | L14: COMPARTIDO | M14: Designar una partida presupuestal que cubra los posibles sobrecostos en que pueda incurrir el contrato por esta clase de eventos | N14: 3 | O14: 1 | P14: =N14+O14 -> 4 | Q14: =VLOOKUP(P14,Hoja2!$A$1:$B$9,2,FALSE) -> Bajo | R14: SI | S14: ENTIDAD | T14: Fecha de inicio | U14: Fecha de terminación | V14: Se reserva un porcentaje del presupuesto oficial | W14: Cada proceso
A15: 12 | B15: General | C15: Externo | D15: Ejecución | E15: Financiero | F15: No pago oportuno, por parte del CONTRATISTA | G15: Deficiencia en el pago a toda clase de proveedores en relación con compras, alquileres, servicios, contratos, etc. | H15: 3 | I15: 3 | J15: =H15+I15 -> 6 | K15: =VLOOKUP(J15,Hoja2!$A$1:$B$9,2,FALSE) -> Alto | L15: CONTRATISTA | M15: Se implementará el seguimiento periodico en cabeza de la Interventoría y la Supervisión del cumplimiento de las obligaciones del Contratista. Igualmente se debe constituir una póliza de responsabilidad civil extracontractual con LA ENTIDAD como beneficiario | N15: 3 | O15: 1 | P15: =N15+O15 -> 4 | Q15: =VLOOKUP(P15,Hoja2!$A$1:$B$9,2,FALSE) -> Bajo | R15: SI | S15: INTERVENTORÍA / SUPERVISIÓN | T15: Fecha de inicio | U15: Fecha de terminación | V15: Seguimiento y verificación de la documentación del contrato | W15: Mensualmente
... A69: 66 | B69: Específico | C69: Externo | D69: Ejecución | E69: Operacional | F69: Accidentes del transportador que lleve insumos y/o materiales y/o maquinaria y/o equipos y/o personal del CONTRATISTA. | G69: Riesgo que asume el CONTRATISTA. | H69: 3 | I69: 2 | J69: =H69+I69 -> 5 | K69: =VLOOKUP(J69,Hoja2!$A$1:$B$9,2,FALSE) -> Medio | L69: CONTRATISTA | M69: Blindar el proceso con un Pliego de Condiciones bien estructurado que asegure la mejor calidad del oferente. | N69: 3 | O69: 1 | P69: =N69+O69 -> 4 | Q69: =VLOOKUP(P69,Hoja2!$A$1:$B$9,2,FALSE) -> Bajo | R69: SI | S69: ENTIDAD | T69: Fecha de inicio | U69: Fecha de terminación | V69: Se exige en el Pliego de Condiciones | W69: Cada proceso

Sheet Hoja2
A1: 2 | B1: Bajo
A2: 3 | B2: Bajo
A3: 4 | B3: Bajo
A4: 5 | B4: Medio
A5: 6 | B5: Alto
A6: 7 | B6: Alto
A7: 8 | B7: Extremo
A8: 9 | B8: Extremo
A9: 10 | B9: Extremo
